Workbook
Name Ersatzspalten: 'Bordereau prix lot 2'!$I$3:$L$3
Name Ersatzspalten: 'Bordereau prix lot 3'!$I$3:$L$3
Name Ersatzspalten: 'Bordereau prix lot 1'!$I$3:$L$3
Name Erstattungsart: Listen!$B$4:$B$7
Name lSFK: 'Liste des expert·e·s clés'!$B$12:$B$35
Name rZeilen: 'Bordereau prix lot 2'!$N$15:$N$21
Name rZeilen: 'Bordereau prix lot 3'!$N$15:$N$21
Name rZeilen: 'Bordereau prix lot 1'!$N$15:$N$21
Name VENr: 'Bordereau prix lot 2'!#REF!
Name VENr: 'Bordereau prix lot 3'!#REF!
Name VENr: 'Bordereau prix lot 1'!#REF!
Name VEspalten: 'Bordereau prix lot 2'!#REF!
Name VEspalten: 'Bordereau prix lot 3'!#REF!
Name VEspalten: 'Bordereau prix lot 1'!#REF!

Sheet Bordereau prix lot 1
A1: Bordereau de prix - prestation
A2: CONFIDENTIAL
C3: Procédure:
C5: Date :
C6: Contractant·e :
C8: Adresse :
A10: 1. Prix fixes
A13: Poste | B13: Description | D13: Quantité | E13: Prix | F13: Total | G13: Explications
A14: Montant total | F14: =D14*E14 -> 0
A15: Jalon 1 | F15: =D15*E15 -> 0
A16: Jalon 2 | F16: =D16*E16 -> 0
A17: Jalon 3 | F17: =D17*E17 -> 0
A18: Jalon 4 | F18: =D18*E18 -> 0
A19: Jalon 5 | F19: =D19*E19 -> 0
A20: Jalon 6 | F20: =D20*E20 -> 0
A21: Jalon 7 | F21: =D21*E21 -> 0
A23: Sous-total | F23: =SUM(F14:F22) -> 0
A25: 2. Honoraires et autres coûts liés au marché
A26: La facturation des positions mentionnées ci-dessous s'effectue sur la base d'un justificatif du temps travaillé.
A28: 2.1 Taux d’honoraires journaliers par poste | B28: Nom | C28: Type de remboursement | D28: Nombre de jours d’expert·e·s | E28: Prix | F28: Total | G28: Explications
A29: Chef·fe d’équipe | B29: =IFERROR(VLOOKUP(A29,'Liste des expert·e·s clés'!$B$12:$D$35,3,0)&" "&VLOOKUP(A29,'Liste des expert·e·s clés'!$B$12:$D$35,2,0),"N.N.") -> N.N. | C29: Forfait / quantité | F29: =D29*E29 -> 0
A30: Expert·e clé 1/chef d'équipe Module 1 | B30: =IFERROR(VLOOKUP(A30,'Liste des expert·e·s clés'!$B$12:$D$35,3,0)&" "&VLOOKUP(A30,'Liste des expert·e·s clés'!$B$12:$D$35,2,0),"N.N.") | C30: Forfait / quantité | D30: 27 | F30: =D30*E30 -> 0 | G30: 5 jrs conception ; 2 jrs préparation; 12 jrs atelier ; 5 jrs conception du dispositif de suivi et 3 jrs rapportage . Total : 27 jrs .
A31: Expert·e clé 2/ chef d'équipe Module 2 | B31: =IFERROR(VLOOKUP(A31,'Liste des expert·e·s clés'!$B$12:$D$35,3,0)&" "&VLOOKUP(A31,'Liste des expert·e·s clés'!$B$12:$D$35,2,0),"N.N.") | C31: Forfait / quantité | D31: 27 | F31: =D31*E31 -> 0 | G31: 5 jrs conception ; 2 jrs préparation; 12 jrs atelier ; 5 jrs conception du dispositif de suivi et 3 jrs rapportage . Total : 27 jrs .
A32: Assistant 1 | B32: =IFERROR(VLOOKUP(A32,'Liste des expert·e·s clés'!$B$12:$D$35,3,0)&" "&VLOOKUP(A32,'Liste des expert·e·s clés'!$B$12:$D$35,2,0),"N.N.") | C32: Forfait / quantité | D32: 15 | F32: =D32*E32 -> 0 | G32: 12 ateliers de formation; 1 jours pour la préparation; 2 jours pour le rapportage. Total= 15 jrs
A33: Assistant 2 | B33: =IFERROR(VLOOKUP(A33,'Liste des expert·e·s clés'!$B$12:$D$35,3,0)&" "&VLOOKUP(A33,'Liste des expert·e·s clés'!$B$12:$D$35,2,0),"N.N.") | C33: Forfait / quantité | D33: 15 | F33: =D33*E33 -> 0 | G33: 12 ateliers de formation; 1 jours pour la préparation; 2 jours pour le rapportage. Total= 15 jrs
A34: Expert·e clé 5 (Lot 5) | B34: =IFERROR(VLOOKUP(A34,'Liste des expert·e·s clés'!$B$12:$D$35,3,0)&" "&VLOOKUP(A34,'Liste des expert·e·s clés'!$B$12:$D$35,2,0),"N.N.") -> N.N. | C34: Forfait / quantité | F34: =D34*E34 -> 0
A35: Pool d’expert·e·s 1 | B35: =IFERROR(VLOOKUP(A35,'Liste des expert·e·s clés'!$B$12:$D$35,3,0)&" "&VLOOKUP(A35,'Liste des expert·e·s clés'!$B$12:$D$35,2,0),"N.N.") -> N.N. | C35: Forfait / quantité | F35: =D35*E35 -> 0
A36: Pool d’expert·e·s 2 | B36: =IFERROR(VLOOKUP(A36,'Liste des expert·e·s clés'!$B$12:$D$35,3,0)&" "&VLOOKUP(A36,'Liste des expert·e·s clés'!$B$12:$D$35,2,0),"N.N.") -> N.N. | C36: Forfait / quantité | F36: =D36*E36 -> 0
A37: Pool d’expert·e·s 3 | B37: =IFERROR(VLOOKUP(A37,'Liste des expert·e·s clés'!$B$12:$D$35,3,0)&" "&VLOOKUP(A37,'Liste des expert·e·s clés'!$B$12:$D$35,2,0),"N.N.") -> N.N. | C37: Forfait / quantité | F37: =D37*E37 -> 0
A38: Pool d’expert·e·s 4 | B38: =IFERROR(VLOOKUP(A38,'Liste des expert·e·s clés'!$B$12:$D$35,3,0)&" "&VLOOKUP(A38,'Liste des expert·e·s clés'!$B$12:$D$35,2,0),"N.N.") -> N.N. | C38: Forfait / quantité | F38: =D38*E38 -> 0
A39: Pool d’expert·e·s 5 | B39: =IFERROR(VLOOKUP(A39,'Liste des expert·e·s clés'!$B$12:$D$35,3,0)&" "&VLOOKUP(A39,'Liste des expert·e·s clés'!$B$12:$D$35,2,0),"N.N.") -> N.N. | C39: Forfait / quantité | F39: =D39*E39 -> 0
A41: Sous-total | F41: =SUM(F29:F40) -> 0
A43: 2.2 Coûts liés au marché par poste | B43: Nom | C43: Clé de facturation | D43: Quantité | E43: Prix | F43: Total | G43: Explications
A44: Expert·e clé 1 | B44: =IFERROR(VLOOKUP(A44,'Liste des expert·e·s clés'!$B$12:$D$35,3,0)&" "&VLOOKUP(A44,'Liste des expert·e·s clés'!$B$12:$D$35,2,0),"N.N.") -> N.N. | C44: Forfait / quantité | F44: =D44*E44 -> 0
A45: Expert·e clé 2 | B45: =IFERROR(VLOOKUP(A45,'Liste des expert·e·s clés'!$B$12:$D$35,3,0)&" "&VLOOKUP(A45,'Liste des expert·e·s clés'!$B$12:$D$35,2,0),"N.N.") -> N.N. | C45: Forfait / quantité | F45: =D45*E45 -> 0
A46: Expert·e clé 3 | B46: =IFERROR(VLOOKUP(A46,'Liste des expert·e·s clés'!$B$12:$D$35,3,0)&" "&VLOOKUP(A46,'Liste des expert·e·s clés'!$B$12:$D$35,2,0),"N.N.") -> N.N. | C46: Forfait / quantité | F46: =D46*E46 -> 0
A47: Expert·e clé 4 | B47: =IFERROR(VLOOKUP(A47,'Liste des expert·e·s clés'!$B$12:$D$35,3,0)&" "&VLOOKUP(A47,'Liste des expert·e·s clés'!$B$12:$D$35,2,0),"N.N.") -> N.N. | C47: Forfait / quantité | F47: =D47*E47 -> 0
A48: Expert·e clé 5 | B48: =IFERROR(VLOOKUP(A48,'Liste des expert·e·s clés'!$B$12:$D$35,3,0)&" "&VLOOKUP(A48,'Liste des expert·e·s clés'!$B$12:$D$35,2,0),"N.N.") -> N.N. | C48: Forfait / quantité | F48: =D48*E48 -> 0
A49: Expert·e clé 6 | B49: =IFERROR(VLOOKUP(A49,'Liste des expert·e·s clés'!$B$12:$D$35,3,0)&" "&VLOOKUP(A49,'Liste des expert·e·s clés'!$B$12:$D$35,2,0),"N.N.") -> N.N. | C49: Forfait / quantité | F49: =D49*E49 -> 0
A50: Pool d’expert·e·s 1 | B50: =IFERROR(VLOOKUP(A50,'Liste des expert·e·s clés'!$B$12:$D$35,3,0)&" "&VLOOKUP(A50,'Liste des expert·e·s clés'!$B$12:$D$35,2,0),"N.N.") -> N.N. | C50: Forfait / quantité | F50: =D50*E50 -> 0
A51: Pool d’expert·e·s 2 | B51: =IFERROR(VLOOKUP(A51,'Liste des expert·e·s clés'!$B$12:$D$35,3,0)&" "&VLOOKUP(A51,'Liste des expert·e·s clés'!$B$12:$D$35,2,0),"N.N.") -> N.N. | C51: Forfait / quantité | F51: =D51*E51 -> 0
A52: Pool d’expert·e·s 3 | B52: =IFERROR(VLOOKUP(A52,'Liste des expert·e·s clés'!$B$12:$D$35,3,0)&" "&VLOOKUP(A52,'Liste des expert·e·s clés'!$B$12:$D$35,2,0),"N.N.") -> N.N. | C52: Forfait / quantité | F52: =D52*E52 -> 0
A53: Pool d’expert·e·s 4 | B53: =IFERROR(VLOOKUP(A53,'Liste des expert·e·s clés'!$B$12:$D$35,3,0)&" "&VLOOKUP(A53,'Liste des expert·e·s clés'!$B$12:$D$35,2,0),"N.N.") -> N.N. | C53: Forfait / quantité | F53: =D53*E53 -> 0
A54: Pool d’expert·e·s 5 | B54: =IFERROR(VLOOKUP(A54,'Liste des expert·e·s clés'!$B$12:$D$35,3,0)&" "&VLOOKUP(A54,'Liste des expert·e·s clés'!$B$12:$D$35,2,0),"N.N.") -> N.N. | C54: Forfait / quantité | F54: =D54*E54 -> 0
A56: Sous-total | F56: =SUM(F44:F55) -> 0
A60: 3. Frais de voyage et de mission
A61: *La facturation des positions mentionnées ci-dessous s’effectue sur présentation de justificatifs ou, le cas échéant, sur une base forfaitaire (uniquement pour les per diem d’un montant inférieur ou égal à 10 000 XOF).
A62: Poste | B62: Sous-poste | C62: Type de remboursement | D62: Quantité | E62: Budget / prix | F62: Total | G62: Explications
C63: Sur justificatif | F63: =D63*E63 -> 0
A64: Indemnités journalières de subsistance | C64: Forfait / quantité | D64: 56 | F64: =D64*E64 -> 0 | G64: Total 56 jours d’indemnités dont 12 jours par module/expert plus 2 jours de voyage/expert 4 experts X 14= 56 jours
A65: Indemnités d’hébergement | C65: Forfait / quantité | D65: 52 | F65: =D65*E65 -> 0 | G65: 13 nuitées/expert soit 52 nuitées pour les 4 experts
A66: Compensation des émissions de CO2 des trajets en avion | C66: sur justificatif | F66: =D66*E66 -> 0
A67: Transport | C67: Sur justificatif | D67: 28 | F67: =D67*E67 -> 0 | G67: Location de deux veihicules pour 28 jours soit 14 jours par module
A68: Carburant (en litres) | C68: Sur justificatif | D68: 120 | F68: =D68*E68 -> 0 | G68: 120 litres pour 600 km pour deux véhicules
A69: Indemnités d’hébergement | C69: Sélectionner | F69: =D69*E69 -> 0
A70: Autres frais de voyage | C70: Sélectionner | F70: =D70*E70 -> 0
A71: Autres frais de voyage | C71: Sélectionner | F71: =D71*E71 -> 0
A72: Autres frais de voyage | C72: Sélectionner | F72: =D72*E72 -> 0
A73: Autres frais de voyage | C73: Sélectionner | F73: =D73*E73 -> 0
C74: Sélectionner | F74: =D74*E74 -> 0
C75: Sélectionner | F75: =D75*E75 -> 0
C76: Sélectionner | F76: =D76*E76 -> 0
A78: Sous-total | F78: =SUM(F63:F77) -> 0
A80: 4. Autres frais
A82: * La facturation des positions mentionnées ci-dessous s'effectue sur la base d'un justificatif
A83: Poste | C83: Clé de facturation | D83: Quantité | E83: Budget / prix | F83: Total | G83: Explications
A84: Sous-traitance | C84: Sélectionner | F84: =D84*E84 -> 0
A85: Biens d’équipement | C85: Sélectionner | F85: =D85*E85 -> 0
A86: Frais de fonctionnement dans le pays d’intervention | C86: Sélectionner | F86: =D86*E86 -> 0
A87: Ateliers | C87: Sélectionner | F87: =D87*E87 -> 0
A88: Subventions locales | C88: sur justificatif | F88: =D88*E88 -> 0
A89: Poste de rémunération flexible | C89: sur justificatif | F89: =D89*E89 -> 0
A90: Autres frais (fournitures pédagogiques) | C90: Forfait / quantité | D90: 2 | F90: =D90*E90 -> 0 | G90: Marqueurs, papier padex, scoth
A91: Cahier des participants | C91: Forfait / quantité | D91: 326 | F91: =D91*E91 -> 0 | G91: Pour la reproducion des cahiers des particiapants(25 pages)
C92: Sélectionner | F92: =D92*E92 -> 0
C93: Sélectionner | F93: =D93*E93 -> 0
C94: Sélectionner | F94: =D94*E94 -> 0
C95: Sélectionner | F95: =D95*E95 -> 0
C96: Sélectionner | F96: =D96*E96 -> 0
A98: Sous-total | F98: =SUM(F84:F97) -> 0
A100: 5. Coûts totaux
A102: Montant total (net) | F102: =F98+F78+F56+F23+F41 -> 0

Sheet Bordereau prix lot 2
A1: Bordereau de prix - prestation
A2: CONFIDENTIAL
C3: Procédure:
C5: Date :
C6: Contractant·e :
C8: Adresse :
A10: 1. Prix fixes
A13: Poste | B13: Description | D13: Quantité | E13: Prix | F13: Total | G13: Explications
A14: Montant total | F14: =D14*E14 -> 0
A15: Jalon 1 | F15: =D15*E15 -> 0
A16: Jalon 2 | F16: =D16*E16 -> 0
A17: Jalon 3 | F17: =D17*E17 -> 0
A18: Jalon 4 | F18: =D18*E18 -> 0
A19: Jalon 5 | F19: =D19*E19 -> 0
A20: Jalon 6 | F20: =D20*E20 -> 0
A21: Jalon 7 | F21: =D21*E21 -> 0
A23: Sous-total | F23: =SUM(F14:F22) -> 0
A25: 2. Honoraires et autres coûts liés au marché
A26: La facturation des positions mentionnées ci-dessous s'effectue sur la base d'un justificatif du temps travaillé.
A28: 2.1 Taux d’honoraires journaliers par poste | B28: Nom | C28: Type de remboursement | D28: Nombre de jours d’expert·e·s | E28: Prix | F28: Total | G28: Explications
A29: Chef·fe d’équipe | B29: =IFERROR(VLOOKUP(A29,'Liste des expert·e·s clés'!$B$12:$D$35,3,0)&" "&VLOOKUP(A29,'Liste des expert·e·s clés'!$B$12:$D$35,2,0),"N.N.") -> N.N. | C29: Forfait / quantité | F29: =D29*E29 -> 0
A30: Expert·e clé 1/chef d'équipe Module 1 | B30: =IFERROR(VLOOKUP(A30,'Liste des expert·e·s clés'!$B$12:$D$35,3,0)&" "&VLOOKUP(A30,'Liste des expert·e·s clés'!$B$12:$D$35,2,0),"N.N.") | C30: Forfait / quantité | D30: 27 | F30: =D30*E30 -> 0 | G30: 5 jrs conception ; 2 jrs préparation; 12 jrs atelier ; 5 jrs conception du dispositif de suivi et 3 jrs rapportage . Total : 27 jrs .
A31: Expert·e clé 2/ chef d'équipe Module 2 | B31: =IFERROR(VLOOKUP(A31,'Liste des expert·e·s clés'!$B$12:$D$35,3,0)&" "&VLOOKUP(A31,'Liste des expert·e·s clés'!$B$12:$D$35,2,0),"N.N.") | C31: Forfait / quantité | D31: 27 | F31: =D31*E31 -> 0 | G31: 5 jrs conception ; 2 jrs préparation; 12 jrs atelier ; 5 jrs conception du dispositif de suivi et 3 jrs rapportage . Total : 27 jrs .
A32: Assistant 1 | B32: =IFERROR(VLOOKUP(A32,'Liste des expert·e·s clés'!$B$12:$D$35,3,0)&" "&VLOOKUP(A32,'Liste des expert·e·s clés'!$B$12:$D$35,2,0),"N.N.") | C32: Forfait / quantité | D32: 15 | F32: =D32*E32 -> 0 | G32: 12 ateliers de formation; 1 jours pour la préparation; 2 jours pour le rapportage. Total= 15 jrs
A33: Assistant 2 | B33: =IFERROR(VLOOKUP(A33,'Liste des expert·e·s clés'!$B$12:$D$35,3,0)&" "&VLOOKUP(A33,'Liste des expert·e·s clés'!$B$12:$D$35,2,0),"N.N.") | C33: Forfait / quantité | D33: 15 | F33: =D33*E33 -> 0 | G33: 12 ateliers de formation; 1 jours pour la préparation; 2 jours pour le rapportage. Total= 15 jrs
A34: Expert·e clé 5 (Lot 5) | B34: =IFERROR(VLOOKUP(A34,'Liste des expert·e·s clés'!$B$12:$D$35,3,0)&" "&VLOOKUP(A34,'Liste des expert·e·s clés'!$B$12:$D$35,2,0),"N.N.") -> N.N. | C34: Forfait / quantité | F34: =D34*E34 -> 0
A35: Pool d’expert·e·s 1 | B35: =IFERROR(VLOOKUP(A35,'Liste des expert·e·s clés'!$B$12:$D$35,3,0)&" "&VLOOKUP(A35,'Liste des expert·e·s clés'!$B$12:$D$35,2,0),"N.N.") -> N.N. | C35: Forfait / quantité | F35: =D35*E35 -> 0
A36: Pool d’expert·e·s 2 | B36: =IFERROR(VLOOKUP(A36,'Liste des expert·e·s clés'!$B$12:$D$35,3,0)&" "&VLOOKUP(A36,'Liste des expert·e·s clés'!$B$12:$D$35,2,0),"N.N.") -> N.N. | C36: Forfait / quantité | F36: =D36*E36 -> 0
A37: Pool d’expert·e·s 3 | B37: =IFERROR(VLOOKUP(A37,'Liste des expert·e·s clés'!$B$12:$D$35,3,0)&" "&VLOOKUP(A37,'Liste des expert·e·s clés'!$B$12:$D$35,2,0),"N.N.") -> N.N. | C37: Forfait / quantité | F37: =D37*E37 -> 0
A38: Pool d’expert·e·s 4 | B38: =IFERROR(VLOOKUP(A38,'Liste des expert·e·s clés'!$B$12:$D$35,3,0)&" "&VLOOKUP(A38,'Liste des expert·e·s clés'!$B$12:$D$35,2,0),"N.N.") -> N.N. | C38: Forfait / quantité | F38: =D38*E38 -> 0
A39: Pool d’expert·e·s 5 | B39: =IFERROR(VLOOKUP(A39,'Liste des expert·e·s clés'!$B$12:$D$35,3,0)&" "&VLOOKUP(A39,'Liste des expert·e·s clés'!$B$12:$D$35,2,0),"N.N.") -> N.N. | C39: Forfait / quantité | F39: =D39*E39 -> 0
A41: Sous-total | F41: =SUM(F29:F40) -> 0
A43: 2.2 Coûts liés au marché par poste | B43: Nom | C43: Clé de facturation | D43: Quantité | E43: Prix | F43: Total | G43: Explications
A44: Expert·e clé 1 | B44: =IFERROR(VLOOKUP(A44,'Liste des expert·e·s clés'!$B$12:$D$35,3,0)&" "&VLOOKUP(A44,'Liste des expert·e·s clés'!$B$12:$D$35,2,0),"N.N.") -> N.N. | C44: Forfait / quantité | F44: =D44*E44 -> 0
A45: Expert·e clé 2 | B45: =IFERROR(VLOOKUP(A45,'Liste des expert·e·s clés'!$B$12:$D$35,3,0)&" "&VLOOKUP(A45,'Liste des expert·e·s clés'!$B$12:$D$35,2,0),"N.N.") -> N.N. | C45: Forfait / quantité | F45: =D45*E45 -> 0
A46: Expert·e clé 3 | B46: =IFERROR(VLOOKUP(A46,'Liste des expert·e·s clés'!$B$12:$D$35,3,0)&" "&VLOOKUP(A46,'Liste des expert·e·s clés'!$B$12:$D$35,2,0),"N.N.") -> N.N. | C46: Forfait / quantité | F46: =D46*E46 -> 0
A47: Expert·e clé 4 | B47: =IFERROR(VLOOKUP(A47,'Liste des expert·e·s clés'!$B$12:$D$35,3,0)&" "&VLOOKUP(A47,'Liste des expert·e·s clés'!$B$12:$D$35,2,0),"N.N.") -> N.N. | C47: Forfait / quantité | F47: =D47*E47 -> 0
A48: Expert·e clé 5 | B48: =IFERROR(VLOOKUP(A48,'Liste des expert·e·s clés'!$B$12:$D$35,3,0)&" "&VLOOKUP(A48,'Liste des expert·e·s clés'!$B$12:$D$35,2,0),"N.N.") -> N.N. | C48: Forfait / quantité | F48: =D48*E48 -> 0
A49: Expert·e clé 6 | B49: =IFERROR(VLOOKUP(A49,'Liste des expert·e·s clés'!$B$12:$D$35,3,0)&" "&VLOOKUP(A49,'Liste des expert·e·s clés'!$B$12:$D$35,2,0),"N.N.") -> N.N. | C49: Forfait / quantité | F49: =D49*E49 -> 0
A50: Pool d’expert·e·s 1 | B50: =IFERROR(VLOOKUP(A50,'Liste des expert·e·s clés'!$B$12:$D$35,3,0)&" "&VLOOKUP(A50,'Liste des expert·e·s clés'!$B$12:$D$35,2,0),"N.N.") -> N.N. | C50: Forfait / quantité | F50: =D50*E50 -> 0
A51: Pool d’expert·e·s 2 | B51: =IFERROR(VLOOKUP(A51,'Liste des expert·e·s clés'!$B$12:$D$35,3,0)&" "&VLOOKUP(A51,'Liste des expert·e·s clés'!$B$12:$D$35,2,0),"N.N.") -> N.N. | C51: Forfait / quantité | F51: =D51*E51 -> 0
A52: Pool d’expert·e·s 3 | B52: =IFERROR(VLOOKUP(A52,'Liste des expert·e·s clés'!$B$12:$D$35,3,0)&" "&VLOOKUP(A52,'Liste des expert·e·s clés'!$B$12:$D$35,2,0),"N.N.") -> N.N. | C52: Forfait / quantité | F52: =D52*E52 -> 0
A53: Pool d’expert·e·s 4 | B53: =IFERROR(VLOOKUP(A53,'Liste des expert·e·s clés'!$B$12:$D$35,3,0)&" "&VLOOKUP(A53,'Liste des expert·e·s clés'!$B$12:$D$35,2,0),"N.N.") -> N.N. | C53: Forfait / quantité | F53: =D53*E53 -> 0
A54: Pool d’expert·e·s 5 | B54: =IFERROR(VLOOKUP(A54,'Liste des expert·e·s clés'!$B$12:$D$35,3,0)&" "&VLOOKUP(A54,'Liste des expert·e·s clés'!$B$12:$D$35,2,0),"N.N.") -> N.N. | C54: Forfait / quantité | F54: =D54*E54 -> 0
A56: Sous-total | F56: =SUM(F44:F55) -> 0
A60: 3. Frais de voyage et de mission
A61: *La facturation des positions mentionnées ci-dessous s’effectue sur présentation de justificatifs ou, le cas échéant, sur une base forfaitaire (uniquement pour les per diem d’un montant inférieur ou égal à 10 000 XOF).
A62: Poste | B62: Sous-poste | C62: Type de remboursement | D62: Quantité | E62: Budget / prix | F62: Total | G62: Explications
A63: vol intérieur | C63: Sur justificatif | F63: =D63*E63 -> 0
A64: Indemnités journalières de subsistance | C64: Forfait / quantité | D64: 56 | F64: =D64*E64 -> 0 | G64: Total 56 jours d’indemnités dont 12 jours par module/expert plus 2 jours de voyage/expert 4 experts X 14= 56 jours
A65: Indemnités d’hébergement | C65: Forfait / quantité | D65: 52 | F65: =D65*E65 -> 0 | G65: 13 nuitées/expert soit 52 nuitées pour les 4 experts
A66: Compensation des émissions de CO2 des trajets en avion | C66: sur justificatif | F66: =D66*E66 -> 0
A67: Transport | C67: Sur justificatif | D67: 28 | F67: =D67*E67 -> 0 | G67: Location de deux veihicules pour 28 jours soit 14 jours par module
A68: Carburant (en litres) | C68: Sur justificatif | D68: 120 | F68: =D68*E68 -> 0 | G68: 120 litres pour 600 km pour deux véhicules
A69: Indemnités d’hébergement | C69: Sélectionner | F69: =D69*E69 -> 0
A70: Autres frais de voyage | C70: Sélectionner | F70: =D70*E70 -> 0
A71: Autres frais de voyage | C71: Sélectionner | F71: =D71*E71 -> 0
A72: Autres frais de voyage | C72: Sélectionner | F72: =D72*E72 -> 0
A73: Autres frais de voyage | C73: Sélectionner | F73: =D73*E73 -> 0
C74: Sélectionner | F74: =D74*E74 -> 0
C75: Sélectionner | F75: =D75*E75 -> 0
C76: Sélectionner | F76: =D76*E76 -> 0
A78: Sous-total | F78: =SUM(F63:F77) -> 0
A80: 4. Autres frais
A82: * La facturation des positions mentionnées ci-dessous s'effectue sur la base d'un justificatif
A83: Poste | C83: Clé de facturation | D83: Quantité | E83: Budget / prix | F83: Total | G83: Explications
A84: Sous-traitance | C84: Sélectionner | F84: =D84*E84 -> 0
A85: Biens d’équipement | C85: Sélectionner | F85: =D85*E85 -> 0
A86: Frais de fonctionnement dans le pays d’intervention | C86: Sélectionner | F86: =D86*E86 -> 0
A87: Ateliers | C87: Sélectionner | F87: =D87*E87 -> 0
A88: Subventions locales | C88: sur justificatif | F88: =D88*E88 -> 0
A89: Poste de rémunération flexible | C89: sur justificatif | F89: =D89*E89 -> 0
A90: Autres frais (fournitures pédagogiques) | C90: Forfait / quantité | D90: 2 | F90: =D90*E90 -> 0 | G90: Marqueurs, papier padex, scoth
A91: Cahier des participants | C91: Forfait / quantité | D91: 326 | F91: =D91*E91 -> 0 | G91: Pour la reproducion des cahiers des particiapants(25 pages)
C92: Sélectionner | F92: =D92*E92 -> 0
C93: Sélectionner | F93: =D93*E93 -> 0
C94: Sélectionner | F94: =D94*E94 -> 0
C95: Sélectionner | F95: =D95*E95 -> 0
C96: Sélectionner | F96: =D96*E96 -> 0
A98: Sous-total | F98: =SUM(F84:F97) -> 0
A100: 5. Coûts totaux
A102: Montant total (net) | F102: =F98+F78+F56+F23+F41 -> 0

Sheet Bordereau prix lot 3
A1: Bordereau de prix - prestation
A2: CONFIDENTIAL
C3: Procédure:
C5: Date :
C6: Contractant·e :
C8: Adresse :
A10: 1. Prix fixes
A13: Poste | B13: Description | D13: Quantité | E13: Prix | F13: Total | G13: Explications
A14: Montant total | F14: =D14*E14 -> 0
A15: Jalon 1 | F15: =D15*E15 -> 0
A16: Jalon 2 | F16: =D16*E16 -> 0
A17: Jalon 3 | F17: =D17*E17 -> 0
A18: Jalon 4 | F18: =D18*E18 -> 0
A19: Jalon 5 | F19: =D19*E19 -> 0
A20: Jalon 6 | F20: =D20*E20 -> 0
A21: Jalon 7 | F21: =D21*E21 -> 0
A23: Sous-total | F23: =SUM(F14:F22) -> 0
A25: 2. Honoraires et autres coûts liés au marché
A26: La facturation des positions mentionnées ci-dessous s'effectue sur la base d'un justificatif du temps travaillé.
A28: 2.1 Taux d’honoraires journaliers par poste | B28: Nom | C28: Type de remboursement | D28: Nombre de jours d’expert·e·s | E28: Prix | F28: Total | G28: Explications
A29: Chef·fe d’équipe | B29: =IFERROR(VLOOKUP(A29,'Liste des expert·e·s clés'!$B$12:$D$35,3,0)&" "&VLOOKUP(A29,'Liste des expert·e·s clés'!$B$12:$D$35,2,0),"N.N.") -> N.N. | C29: Forfait / quantité | F29: =D29*E29 -> 0
A30: Expert·e clé 1/chef d'équipe Module 1 | B30: =IFERROR(VLOOKUP(A30,'Liste des expert·e·s clés'!$B$12:$D$35,3,0)&" "&VLOOKUP(A30,'Liste des expert·e·s clés'!$B$12:$D$35,2,0),"N.N.") | C30: Forfait / quantité | D30: 27 | F30: =D30*E30 -> 0 | G30: 5 jrs conception ; 2 jrs préparation; 12 jrs atelier ; 5 jrs conception du dispositif de suivi et 3 jrs rapportage . Total : 27 jrs .
A31: Expert·e clé 2/ chef d'équipe Module 2 | B31: =IFERROR(VLOOKUP(A31,'Liste des expert·e·s clés'!$B$12:$D$35,3,0)&" "&VLOOKUP(A31,'Liste des expert·e·s clés'!$B$12:$D$35,2,0),"N.N.") | C31: Forfait / quantité | D31: 27 | F31: =D31*E31 -> 0 | G31: 5 jrs conception ; 2 jrs préparation; 12 jrs atelier ; 5 jrs conception du dispositif de suivi et 3 jrs rapportage . Total : 27 jrs .
A32: Assistant 1 | B32: =IFERROR(VLOOKUP(A32,'Liste des expert·e·s clés'!$B$12:$D$35,3,0)&" "&VLOOKUP(A32,'Liste des expert·e·s clés'!$B$12:$D$35,2,0),"N.N.") | C32: Forfait / quantité | D32: 15 | F32: =D32*E32 -> 0 | G32: 12 ateliers de formation; 1 jours pour la préparation; 2 jours pour le rapportage. Total= 15 jrs
A33: Assistant 2 | B33: =IFERROR(VLOOKUP(A33,'Liste des expert·e·s clés'!$B$12:$D$35,3,0)&" "&VLOOKUP(A33,'Liste des expert·e·s clés'!$B$12:$D$35,2,0),"N.N.") | C33: Forfait / quantité | D33: 15 | F33: =D33*E33 -> 0 | G33: 12 ateliers de formation; 1 jours pour la préparation; 2 jours pour le rapportage. Total= 15 jrs
A34: Expert·e clé 5 (Lot 5) | B34: =IFERROR(VLOOKUP(A34,'Liste des expert·e·s clés'!$B$12:$D$35,3,0)&" "&VLOOKUP(A34,'Liste des expert·e·s clés'!$B$12:$D$35,2,0),"N.N.") -> N.N. | C34: Forfait / quantité | F34: =D34*E34 -> 0
A35: Pool d’expert·e·s 1 | B35: =IFERROR(VLOOKUP(A35,'Liste des expert·e·s clés'!$B$12:$D$35,3,0)&" "&VLOOKUP(A35,'Liste des expert·e·s clés'!$B$12:$D$35,2,0),"N.N.") -> N.N. | C35: Forfait / quantité | F35: =D35*E35 -> 0
A36: Pool d’expert·e·s 2 | B36: =IFERROR(VLOOKUP(A36,'Liste des expert·e·s clés'!$B$12:$D$35,3,0)&" "&VLOOKUP(A36,'Liste des expert·e·s clés'!$B$12:$D$35,2,0),"N.N.") -> N.N. | C36: Forfait / quantité | F36: =D36*E36 -> 0
A37: Pool d’expert·e·s 3 | B37: =IFERROR(VLOOKUP(A37,'Liste des expert·e·s clés'!$B$12:$D$35,3,0)&" "&VLOOKUP(A37,'Liste des expert·e·s clés'!$B$12:$D$35,2,0),"N.N.") -> N.N. | C37: Forfait / quantité | F37: =D37*E37 -> 0
A38: Pool d’expert·e·s 4 | B38: =IFERROR(VLOOKUP(A38,'Liste des expert·e·s clés'!$B$12:$D$35,3,0)&" "&VLOOKUP(A38,'Liste des expert·e·s clés'!$B$12:$D$35,2,0),"N.N.") -> N.N. | C38: Forfait / quantité | F38: =D38*E38 -> 0
A39: Pool d’expert·e·s 5 | B39: =IFERROR(VLOOKUP(A39,'Liste des expert·e·s clés'!$B$12:$D$35,3,0)&" "&VLOOKUP(A39,'Liste des expert·e·s clés'!$B$12:$D$35,2,0),"N.N.") -> N.N. | C39: Forfait / quantité | F39: =D39*E39 -> 0
A41: Sous-total | F41: =SUM(F29:F40) -> 0
A43: 2.2 Coûts liés au marché par poste | B43: Nom | C43: Clé de facturation | D43: Quantité | E43: Prix | F43: Total | G43: Explications
A44: Expert·e clé 1 | B44: =IFERROR(VLOOKUP(A44,'Liste des expert·e·s clés'!$B$12:$D$35,3,0)&" "&VLOOKUP(A44,'Liste des expert·e·s clés'!$B$12:$D$35,2,0),"N.N.") -> N.N. | C44: Forfait / quantité | F44: =D44*E44 -> 0
A45: Expert·e clé 2 | B45: =IFERROR(VLOOKUP(A45,'Liste des expert·e·s clés'!$B$12:$D$35,3,0)&" "&VLOOKUP(A45,'Liste des expert·e·s clés'!$B$12:$D$35,2,0),"N.N.") -> N.N. | C45: Forfait / quantité | F45: =D45*E45 -> 0
A46: Expert·e clé 3 | B46: =IFERROR(VLOOKUP(A46,'Liste des expert·e·s clés'!$B$12:$D$35,3,0)&" "&VLOOKUP(A46,'Liste des expert·e·s clés'!$B$12:$D$35,2,0),"N.N.") -> N.N. | C46: Forfait / quantité | F46: =D46*E46 -> 0
A47: Expert·e clé 4 | B47: =IFERROR(VLOOKUP(A47,'Liste des expert·e·s clés'!$B$12:$D$35,3,0)&" "&VLOOKUP(A47,'Liste des expert·e·s clés'!$B$12:$D$35,2,0),"N.N.") -> N.N. | C47: Forfait / quantité | F47: =D47*E47 -> 0
A48: Expert·e clé 5 | B48: =IFERROR(VLOOKUP(A48,'Liste des expert·e·s clés'!$B$12:$D$35,3,0)&" "&VLOOKUP(A48,'Liste des expert·e·s clés'!$B$12:$D$35,2,0),"N.N.") -> N.N. | C48: Forfait / quantité | F48: =D48*E48 -> 0
A49: Expert·e clé 6 | B49: =IFERROR(VLOOKUP(A49,'Liste des expert·e·s clés'!$B$12:$D$35,3,0)&" "&VLOOKUP(A49,'Liste des expert·e·s clés'!$B$12:$D$35,2,0),"N.N.") -> N.N. | C49: Forfait / quantité | F49: =D49*E49 -> 0
A50: Pool d’expert·e·s 1 | B50: =IFERROR(VLOOKUP(A50,'Liste des expert·e·s clés'!$B$12:$D$35,3,0)&" "&VLOOKUP(A50,'Liste des expert·e·s clés'!$B$12:$D$35,2,0),"N.N.") -> N.N. | C50: Forfait / quantité | F50: =D50*E50 -> 0
A51: Pool d’expert·e·s 2 | B51: =IFERROR(VLOOKUP(A51,'Liste des expert·e·s clés'!$B$12:$D$35,3,0)&" "&VLOOKUP(A51,'Liste des expert·e·s clés'!$B$12:$D$35,2,0),"N.N.") -> N.N. | C51: Forfait / quantité | F51: =D51*E51 -> 0
A52: Pool d’expert·e·s 3 | B52: =IFERROR(VLOOKUP(A52,'Liste des expert·e·s clés'!$B$12:$D$35,3,0)&" "&VLOOKUP(A52,'Liste des expert·e·s clés'!$B$12:$D$35,2,0),"N.N.") -> N.N. | C52: Forfait / quantité | F52: =D52*E52 -> 0
A53: Pool d’expert·e·s 4 | B53: =IFERROR(VLOOKUP(A53,'Liste des expert·e·s clés'!$B$12:$D$35,3,0)&" "&VLOOKUP(A53,'Liste des expert·e·s clés'!$B$12:$D$35,2,0),"N.N.") -> N.N. | C53: Forfait / quantité | F53: =D53*E53 -> 0
A54: Pool d’expert·e·s 5 | B54: =IFERROR(VLOOKUP(A54,'Liste des expert·e·s clés'!$B$12:$D$35,3,0)&" "&VLOOKUP(A54,'Liste des expert·e·s clés'!$B$12:$D$35,2,0),"N.N.") -> N.N. | C54: Forfait / quantité | F54: =D54*E54 -> 0
A56: Sous-total | F56: =SUM(F44:F55) -> 0
A60: 3. Frais de voyage et de mission
A61: *La facturation des positions mentionnées ci-dessous s’effectue sur présentation de justificatifs ou, le cas échéant, sur une base forfaitaire (uniquement pour les per diem d’un montant inférieur ou égal à 10 000 XOF).
A62: Poste | B62: Sous-poste | C62: Type de remboursement | D62: Quantité | E62: Budget / prix | F62: Total | G62: Explications
A63: vol intérieur | C63: Sur justificatif | D63: 1 | F63: =D63*E63 -> 0 | G63: pour Gao
A64: Indemnités journalières de subsistance | C64: Forfait / quantité | D64: 56 | F64: =D64*E64 -> 0 | G64: Total 56 jours d’indemnités dont 12 jours par module/expert plus 2 jours de voyage/expert 4 experts X 14= 56 jours
A65: Indemnités d’hébergement | C65: Forfait / quantité | D65: 52 | F65: =D65*E65 -> 0 | G65: 13 nuitées/expert soit 52 nuitées pour les 4 experts
A66: Compensation des émissions de CO2 des trajets en avion | C66: sur justificatif | D66: 1 | E66: 40000 | F66: =D66*E66 -> 40000
A67: Transport | C67: Sur justificatif | D67: 28 | F67: =D67*E67 -> 0 | G67: Location de deux veihicules pour 28 jours soit 14 jours par module
A68: Carburant (en litres) | C68: Sur justificatif | D68: 120 | F68: =D68*E68 -> 0 | G68: 120 litres pour 600 km pour deux véhicules
A69: Vol intérieur | C69: Sélectionner | F69: =D69*E69 -> 0
A70: Autres frais de voyage | C70: Sélectionner | F70: =D70*E70 -> 0
A71: Autres frais de voyage | C71: Sélectionner | F71: =D71*E71 -> 0
A72: Autres frais de voyage | C72: Sélectionner | F72: =D72*E72 -> 0
A73: Autres frais de voyage | C73: Sélectionner | F73: =D73*E73 -> 0
C74: Sélectionner | F74: =D74*E74 -> 0
C75: Sélectionner | F75: =D75*E75 -> 0
C76: Sélectionner | F76: =D76*E76 -> 0
A78: Sous-total | F78: =SUM(F63:F77) -> 40000
A80: 4. Autres frais
A82: * La facturation des positions mentionnées ci-dessous s'effectue sur la base d'un justificatif
A83: Poste | C83: Clé de facturation | D83: Quantité | E83: Budget / prix | F83: Total | G83: Explications
A84: Sous-traitance | C84: Sélectionner | F84: =D84*E84 -> 0
A85: Biens d’équipement | C85: Sélectionner | F85: =D85*E85 -> 0
A86: Frais de fonctionnement dans le pays d’intervention | C86: Sélectionner | F86: =D86*E86 -> 0
A87: Ateliers | C87: Sélectionner | F87: =D87*E87 -> 0
A88: Subventions locales | C88: sur justificatif | F88: =D88*E88 -> 0
A89: Poste de rémunération flexible | C89: sur justificatif | F89: =D89*E89 -> 0
A90: Autres frais (fournitures pédagogiques) | C90: Forfait / quantité | D90: 2 | F90: =D90*E90 -> 0 | G90: Marqueurs, papier padex, scoth
A91: Cahier des participants | C91: Forfait / quantité | D91: 326 | F91: =D91*E91 -> 0 | G91: Pour la reproducion des cahiers des particiapants(25 pages)
C92: Sélectionner | F92: =D92*E92 -> 0
C93: Sélectionner | F93: =D93*E93 -> 0
C94: Sélectionner | F94: =D94*E94 -> 0
C95: Sélectionner | F95: =D95*E95 -> 0
C96: Sélectionner | F96: =D96*E96 -> 0
A98: Sous-total | F98: =SUM(F84:F97) -> 0
A100: 5. Coûts totaux
A102: Montant total (net) | F102: =F98+F78+F56+F23+F41 -> 40000

Sheet Liste des expert·e·s clés
B2: Liste des expert·e·s clés
B3: * Ne concerne que les expert·e·s pour lesquel·le·s un avenant au contrat est nécessaire
B4: ** En cas de changement d’expert·e clé, prière d’indiquer dans la colonne Explications la date de fin d’intervention de l’expert·e clé affecté·e jusque-là et la date de début d’intervention du·de la nouvel·le expert·e.
B5: CONFIDENTIAL
E6: Date : | F6: =IF('Bordereau prix lot 1'!D5="","",'Bordereau prix lot 1'!D5)
B11: Désignation dans le bordereau de prix | C11: Nom | D11: Prénom | E11: Date de naissance | F11: Domicile | G11: Explications relatives aux avenants
B12: Expert·e clé 1/chef d'équipe Module 1
B13: Expert·e clé 2/ chef d'équipe Module 2
B14: Assistant 1
B15: Assistant 2

Sheet Listen
B3: Erstattungsart
B4: Sélectionner
B5: Forfait / quantité
B6: Sur justificatif
B7: Sans objet
